 Dungeon Crawl Stone Soup version 0.31.0-12-g77e489cdc1 (webtiles) character file.

Game seed: 16792973355029967553

219 Solenn the Covered (level 5, -4/42 HPs)
             Began as a Minotaur Fighter on Feb 20, 2024.
             Was a Follower of Hepliaklqana.
             Slain by a kobold brigand
             ... wielding a +0 short sword
              (8 damage)
             ... in a sewer.
             The game lasted 00:11:47 (2493 turns).

Solenn the Covered (Minotaur Fighter)               Turns: 2493, Time: 00:11:47

Health: -4/42      AC: 12    Str: 20    XL:     5   Next: 63%
Magic:  4/4        EV:  7    Int:  5    God:    Hepliaklqana [*.....]
Gold:   148        SH:  5    Dex: 12    Spells: 4/4 levels left

rFire   . . .        a - +0 long sword
rCold   . . .        c - +0 buckler
rNeg    . . .        o - +3 chain mail
rPois   .            (helmet restricted)
rElec   .            (no cloak)
rCorr   .            (no gloves)
SInv    .            (no boots)
Will    .....        (no amulet) Stlth
                     (no ring)
HPRegen 0.27/turn    (no ring)
MPRegen 0.09/turn

%: no passive effects
@: no status effects
A: reduced essence, horns 2, retaliatory headbutt
a: Renounce Religion, Recall Ancestor, Ancestor Identity


You were in a sewer.
You worshipped Hepliaklqana.
Hepliaklqana was aware of your devotion.
You visited 1 branch of the dungeon, and saw 3 of its levels.
You also visited: Sewer.

You collected 148 gold pieces.

Inventory:

Hand Weapons
 a - a +0 long sword (weapon)
 s - a +2 dagger of holy wrath
Armour
 b - a +0 scale mail
 c - a +0 buckler (worn)
 o - a +3 chain mail (worn)
Talismans
 p - a beast talisman
Scrolls
 g - a scroll of brand weapon {unknown}
 h - 2 scrolls of identify {unknown}
 i - 2 scrolls of teleportation {unknown}
 k - 2 scrolls of amnesia {unknown}
 l - a scroll of silence {unknown}
 n - a scroll of revelation {unknown}
 r - a scroll of poison {unknown}
Potions
 d - a potion of might
 e - 3 potions of mutation {unknown}
 f - 2 potions of ambrosia {unknown}
 j - a potion of haste {unknown}
 m - a potion of resistance {unknown}
 q - a potion of curing {unknown}


   Skills:
 + Level 4.9 Fighting
 + Level 4.1 Long Blades
 + Level 5.0 Armour
 + Level 5.0 Shields


You had 4 spell levels left.
You didn't know any spells.
Your spell library contained the following spells:

 Spells                   Type           Power      Damage    Failure   Level
 Foxfire                  Conj/Fire      0%         2x1d4     99%         1
 Inner Flame              Hex/Fire       0%         N/A       100%        3
 Sticky Flame             Fire/Alch      0%         2d4       100%        4
 Fire Storm               Conj/Fire      0%         5d1       100%        9


Dungeon Overview and Level Annotations

Branches:
Dungeon (3/15)              Sewer (1/1)

Altars:
Hepliaklqana

Shops:
D:2 ::


Innate Abilities, Weirdness & Mutations

Your life essence is reduced to manifest your ancestor. (-10% HP)
You have a pair of horns on your head.
You reflexively headbutt those who attack you in melee.


Message History

The shadow imp gestures at you. Pain shoots through your body!
You are too injured to fight recklessly!
Found a gate leading back out of this place.
You closely miss the shadow imp. Your headbutt misses the shadow imp.
The shadow imp hits you but does no damage.
Yayatum closely misses the shadow imp.
The shadow imp closely misses you. You furiously retaliate!
You headbutt the shadow imp, but do no damage.
You hit the shadow imp but do no damage.
Your headbutt misses the shadow imp.
Yayatum completely misses the shadow imp.
The shadow imp hits you.
The kobold brigand hits you with a +0 short sword!
* * * LOW HITPOINT WARNING * * *
You hit the shadow imp but do no damage.
You headbutt the shadow imp!
The shadow imp is almost dead.
Yayatum barely misses the shadow imp.
The shadow imp hits you but does no damage.
The kobold brigand zaps a wand.
You suddenly lose the ability to move!
Yayatum closely misses the shadow imp.
The kobold brigand hits you with a +0 short sword.
* * * LOW HITPOINT WARNING * * *
The shadow imp hits you.
* * * LOW HITPOINT WARNING * * *
Yayatum hits the shadow imp.
The shadow imp dies!
Your Shields skill increases to level 5!
The kobold brigand hits you with a +0 short sword.
* * * LOW HITPOINT WARNING * * *
Yayatum closely misses the kobold brigand.
You can move again.
You barely miss the kobold brigand.
Your headbutt misses the kobold brigand.
The kobold brigand zaps a wand.
You resist with some effort.
Yayatum hits the kobold brigand but does no damage.
You barely miss the kobold brigand.
The kobold brigand hits you with a +0 short sword!
You die...

#∩# ##### ##[## #≈≈~
##).!###~~~
#≈...≈##~~~
#≈...≈###~##########
#≈...≈##≈.)'.~~≈≈≈≈≈
#≈K..~##≈~)#.~≈≈≈≈≈≈
#~R@.~##~~.#.~~≈≈≈≈≈
#≈...≈##~~.#..≈~≈≈≈≈
##'''###~~.#..~≈~≈≈≈
##.....##)~.#...~~~≈≈
#...§..###.####.#≈###
+.§..)..#.).#≈≈......
+..._)§)'...≈≈≈≈.....
+.§.....#...#~≈......
#...§..###.####.###.#


You could see the friendly Yayatum the ancestor and a kobold brigand (ally
target).

Vanquished Creatures
  A kobold brigand (Sewer)
  4 adders
  2 shadow imps (Sewer)
  3 ufetubi
  A ribbon worm (D:3)
  A dart slug (D:1)
  An endoplasm (D:1)
  3 giant cockroaches
  7 goblins
  7 hobgoblins
  A quokka (D:1)
  4 ball pythons
  8 bats
  3 frilled lizards
  12 kobolds
  A kobold zombie (Sewer)
  2 rats
61 creatures vanquished.

Vanquished Creatures (collateral kills)
  A shadow imp (Sewer)
  An ufetubus (Sewer)
  An endoplasm (Sewer)
  A goblin (D:3)
  3 kobolds (Sewer)
7 creatures vanquished.

Vanquished Creatures (others)
  An endoplasm (Sewer)
  A kobold zombie (Sewer)
2 creatures vanquished.

Grand Total: 70 creatures vanquished

Notes
Turn   | Place    | Note
-------+----------+-------------------------------------------
     0 | D:1      | Solenn the Minotaur Fighter began the quest for the Orb.
     0 | D:1      | Reached XP level 1. HP: 19/19 MP: 0/0
   251 | D:1      | Reached XP level 2. HP: 24/27 MP: 1/1
   930 | D:2      | Found Ulodiarph's Book Boutique.
  1060 | D:2      | Reached XP level 3. HP: 33/33 MP: 2/2
  1076 | D:2      | Got the Codex of the Salamander
  1273 | D:2      | Found Inuon's Vocational Training.
  1430 | D:2      | Found a faded altar of an unknown god.
  1453 | D:2      | Prayed at the altar of an unknown god.
  1453 | D:2      | Became a worshipper of Hepliaklqana the Forgotten
  1453 | D:2      | Reached * piety under Hepliaklqana
  1832 | D:3      | Reached XP level 4. HP: 36/36 MP: 3/3
  2332 | D:3      | Found a glowing drain.
  2375 | Sewer    | Entered a sewer
  2467 | Sewer    | Reached XP level 5. HP: 40/42 MP: 4/4
  2469 | Sewer    | Found a burning altar of Makhleb.
  2476 | Sewer    | Reached skill level 5 in Armour
  2489 | Sewer    | Paralysed by a kobold brigand for 3 turns
  2491 | Sewer    | Reached skill level 5 in Shields
  2493 | Sewer    | Slain by a kobold brigand

Illustrated notes

Levels and vault maps discovered:
D:1:      nagdon_arrival_double_spiral, layout_loops_ring
D:2:      layout_basic, serial_shops, nicolae_shop_back_alley_shop,
          serial_curves, eino_curves_04, eino_curves_02,
          ebering_ecumenical_altar_mist, nicolae_shop_vocational
D:3:      layout_basic, cheibrodos_sewer_entry_bend, hangedman_feature_mirror,
          grunt_decor_one_mirror, hangedman_glass_teeth
Sewer:    kennysheep_sewer_church

Skill      XL: |  1  2  3  4  5 |
---------------+----------------+-----
Fighting       | 4 |  4.9
Armour         | 4 5 |  5.0
Shields        | 4 5 |  5.0
Long Blades    | 3 4 |  4.1

Action                     |  1- 3 |  4- 6 || total
---------------------------+-------+-------++-------
  Melee: Long sword        |    88 |    58 ||   146
         Headbutt          |    11 |     9 ||    20
 Invoke: Ancestor Identity |     1 |     1 ||     2
    Use: Potion            |       |     1 ||     1
 Armour: Scale mail        |    59 |       ||    59
         Chain mail        |    11 |    56 ||    67
  Dodge: Dodged            |    46 |    22 ||    68
  Block: Buckler           |    20 |    20 ||    40
